 Dungeon Crawl Stone Soup version 0.30-a0-1043-g60ff8d5f49 (webtiles) character file.

Game seed: 6781896928937105061

1836 Esekla the Covert (level 9, -4/61 HPs)
             Began as an Octopode Delver on Apr 9, 2023.
             Was an Initiate of Gozag.
             Engulfed by a steam dragon's steam (13 damage)
             ... on level 6 of the Dungeon.
             The game lasted 00:31:43 (5695 turns).

Esekla the Covert (Octopode Delver)                 Turns: 5695, Time: 00:31:44

Health: -4/61      AC:  1    Str: 11    XL:     9   Next: 11%
Magic:  13/13      EV: 13    Int: 16    God:    Gozag
Gold:   710        SH:  8    Dex: 14    Spells: 14/14 levels left

rFire   . . .      SeeInvis .    a - +0 scimitar
rCold   . . .      Faith    .    i - +0 kite shield
rNeg    . . .      Spirit   .    (helmet restricted)
rPois   .          Reflect  .    j - amulet of magic regeneration
rElec   .          Rampage  .    m - ring of flight
rCorr   .                        (no ring)
Will    .....                    (no ring)
Stlth   +++++                    (no ring)
HPRegen 0.30/turn                (no ring)
MPRegen 0.53/turn                (no ring)
                                 (no ring)
                                 (no ring)

@: gold aura, flying
A: almost no armour, amphibious, 8 rings, camouflage 1, gelatinous body 1,
(nimble swimmer 1), tentacles
a: Renounce Religion, Potion Petition, Call Merchant, Bribe Branch


You were on level 6 of the Dungeon.
You worshipped Gozag.
Gozag was pleased with you.
You visited 2 branches of the dungeon, and saw 7 of its levels.

You collected 950 gold pieces.
You spent 224 gold pieces at shops.
You paid 16 gold pieces to Gozag.

Inventory:

Hand Weapons
 a - a +0 scimitar (weapon)
 s - a +0 dagger of venom
 w - a +0 spear
 z - the +2 short sword of Kindness {venom, rF+ rC+ rN+ Int+3}
   (You bought it in a shop on level 5 of the Dungeon)

   Int:       It affects your intelligence (+3).
   rF:        It protects you from fire.
   rC:        It protects you from cold.
   rN:        It protects you from negative energy.
Missiles
 n - 9 poisoned darts (quivered)
 t - a throwing net
 y - 6 boomerangs
Armour
 i - a +0 kite shield (worn)
Jewellery
 j - an amulet of magic regeneration (around mantle)
 m - a ring of flight (left tentacle)
Wands
 f - a wand of digging (2)
Scrolls
 b - a scroll of fog
 c - 2 scrolls of teleportation
 g - a scroll of noise {unknown}
 h - 3 scrolls of magic mapping
 l - a scroll of amnesia {unknown}
 p - a scroll of enchant weapon {unknown}
 u - 2 scrolls of blinking {unknown}
Potions
 d - 3 potions of attraction
 e - 3 potions of haste
 k - 2 potions of lignification
 q - a potion of invisibility {unknown}
 r - 4 potions of heal wounds
 v - a potion of cancellation {unknown}
 x - 2 potions of flight
 A - a potion of ambrosia {unknown}
 B - a potion of curing {unknown}
 C - a potion of might {unknown}


   Skills:
 * Level 5.4 Fighting
 + Level 1.8(4.2) Short Blades
 * Level 6.0(6.1) Long Blades
 + Level 1.7 Throwing
 * Level 5.3 Dodging
 + Level 10.0 Stealth
 * Level 1.4 Shields
 * Level 3.1 Spellcasting


You had 14 spell levels left.
You didn't know any spells.
Your spell library contained the following spells:

 Spells                   Type           Power      Damage    Failure   Level
 Ensorcelled Hibernation  Hex/Ice        4%         N/A       67%         2
 Spider Form              Tmut/Pois      2%         N/A       88%         3
 Anguish                  Hex/Necr       1%         N/A       99%         4


Dungeon Overview and Level Annotations

Branches:
Dungeon (6/15)             Temple (1/1) D:5

Altars:
Ashenzari
Cheibriados
Dithmenos
Elyvilon
Fedhas
Gozag
Makhleb
Nemelex Xobeh
Qazlal
Sif Muna
Trog
Uskayaw
Vehumet
Xom
The Shining One

Shops:
D:5 (

Portals:
Ossuary: D:6

Annotations:
D:4 gnoll & sargeant


Innate Abilities, Weirdness & Mutations

You cannot wear most types of armour.
You are amphibious.
You can wear up to eight rings at the same time.
Your skin changes colour to match your surroundings (Stealth+).
Your rubbery body absorbs attacks. (AC +1, EV +1)
((You are camouflaged when in or above water. (Stealth+)))
You have tentacles for arms and can constrict up to eight enemies at once.


Message History

The iguana hisses angrily.
You hit the iguana.
The iguana is no longer distracted by gold.
The iguana is severely wounded.
You constrict the iguana, but do no damage.
The iguana bites you!
You hit the iguana but do no damage.
The iguana looks as sick as possible!
The iguana is severely wounded.
You constrict the iguana.
You kill the iguana!
You now have 697 gold pieces (gained 6).
You now have 710 gold pieces (gained 13).
The shadow imp shouts, "Fly, thou foppish limp-willed guttersnipe!"
Something shouts, "Flee, thou tottering bat-fowling blabberskite!"
You hear an angry hiss.
A steam dragon comes into view.
Your +0 dagger of venom stops dripping with poison.
a - a +0 scimitar (weapon)
You hit the shadow imp. You grab the shadow imp.
The shadow imp is heavily wounded.
You constrict the shadow imp. The steam dragon breathes steam at you.
The ball of steam hits the shadow imp!
The shadow imp dies!
The ball of steam hits you!!
You barely miss the shadow imp. Your grab misses the shadow imp.
You squeeze the shadow imp!
The shadow imp is almost dead.
The shadow imp gestures at you. Pain shoots through your body!
* * * LOW HITPOINT WARNING * * *
The steam dragon breathes steam at you.
The ball of steam hits the shadow imp!
The shadow imp dies!
The ball of steam misses you.
As you read the scroll of fear, it crumbles to dust.
You assume a fearsome visage.
The steam dragon looks frightened!
You are engulfed in a cloud of scalding steam.
You die...
Your body crumbles into a pile of gold.

#.♣.# ##. #.# ## #...#
#......... ... .## #...#
..##.###.###.##..# #..##
#.#...........#.#
#..####...##.###.##...#
##....#.#.#.......#.#.##
#.##...#...##.##.§.#..#
#.####.#.#.#...#D#§#§#
#.# #...#...#.@§#..[#
#.# ##.#.#.#...#§#§#.##
#.. #..#...##.##.§.#..#
##. ##.#.#.......#.#.##
#...##.###.##...#
#.#...........#.#
...##.###.###.##..#
..#.......(.......##
#..##.###.###.###.##


You could see a steam dragon (fleeing, catching breath).

Vanquished Creatures
  Grinder (D:4)
  2 water moccasins
  An ice beast (D:5)
  A black bear (D:5)
  2 orc warriors (D:6)
  A centaur (D:6)
  4 phantoms
  A gnoll sergeant (D:4)
  A bullfrog (D:6)
  A howler monkey (D:5)
  4 hounds
  A gnoll bouda (D:5)
  An orc priest (D:6)
  3 iguanas (D:6)
  An orc wizard (D:6)
  12 gnolls
  2 adders (D:5)
  2 shadow imps
  A white imp (D:6)
  An ufetubus (D:5)
  3 worms
  A dart slug (D:2)
  11 orcs
  2 ball pythons
  8 bats
  7 endoplasms
  2 giant cockroaches (D:1)
  5 goblins
  3 hobgoblins
  4 jackals (D:1)
  3 quokkas
  3 frilled lizards
  5 kobolds
  7 rats
107 creatures vanquished.

Vanquished Creatures (others)
  2 shadow imps (D:6)
2 creatures vanquished.

Grand Total: 109 creatures vanquished

Notes
Turn   | Place    | Note
-------+----------+-------------------------------------------
     0 | D:5      | Esekla the Octopode Delver began the quest for the Orb.
     0 | D:5      | Reached XP level 1. HP: 16/16 MP: 1/1
     8 | D:5      | Found a staircase to the Ecumenical Temple.
    13 | Temple   | Entered the Ecumenical Temple
   116 | D:5      | Found a shimmering altar of Xom.
   117 | D:5      | Found a shimmering altar of Xom.
   117 | D:5      | Found a shimmering altar of Xom.
   120 | D:5      | Found a shimmering altar of Xom.
   120 | D:5      | Found a shimmering altar of Xom.
   138 | D:5      | Noticed a water moccasin
   138 | D:5      | Noticed a gnoll sergeant
   138 | D:5      | Noticed a hound
   156 | D:5      | Killed a hound
   157 | D:5      | Reached skill level 7 in Stealth
   157 | D:5      | Reached XP level 2. HP: 6/21 MP: 2/2
   157 | D:5      | Reached XP level 3. HP: 7/26 MP: 3/3
   279 | D:5      | Noticed a black bear
   364 | Temple   | Became a worshipper of Gozag Ym Sagoz the Greedy
   483 | D:5      | Found Wyikic's Antique Weapon Emporium.
   486 | D:5      | Noticed a phantom
   502 | D:4      | Noticed a phantom
   547 | D:5      | Reached skill level 1 in Spellcasting
   547 | D:5      | Reached XP level 4. HP: 14/31 MP: 5/5
   852 | D:3      | Found a shimmering blue altar of Sif Muna.
  1395 | D:1      | Reached XP level 5. HP: 25/36 MP: 6/6
  2498 | D:3      | Found a hide-covered altar of Uskayaw.
  2536 | D:3      | Found a burning altar of Makhleb.
  2600 | D:3      | Reached skill level 8 in Stealth
  2603 | D:3      | Reached XP level 6. HP: 43/43 MP: 7/7
  3403 | D:5      | Noticed an ice beast
  3569 | D:4      | Reached skill level 1 in Short Blades
  3681 | D:4      | Noticed Grinder
  3739 | D:4      | Killed Grinder
  3740 | D:4      | Reached skill level 9 in Stealth
  3740 | D:4      | Reached XP level 7. HP: 48/48 MP: 8/10
  4166 | D:5      | Bought an ichor-stained short sword for 224 gold pieces
  4166 | D:5      | Identified the +2 short sword of Kindness {venom, rF+ rC+
                  | rN+ Int+3} (You bought it in a shop on level 5 of the
                  | Dungeon)
  4546 | D:5      | Reached XP level 8. HP: 44/54 MP: 11/11
  4964 | D:5      | Reached skill level 5 in Long Blades
  4964 | D:5      | Reached skill level 1 in Throwing
  5359 | D:6      | Found a broken altar of Ashenzari.
  5366 | D:6      | Reached skill level 5 in Fighting
  5391 | D:6      | Found a sand-covered staircase.
  5476 | D:6      | Reached skill level 1 in Shields
  5518 | D:6      | Reached skill level 5 in Dodging
  5523 | D:6      | Reached skill level 10 in Stealth
  5523 | D:6      | Reached XP level 9. HP: 36/61 MP: 13/13
  5695 | D:6      | Engulfed by a steam dragon's steam

Illustrated notes

Levels and vault maps discovered:
D:1:      dpeg_arrival_houses_and_road, layout_rooms, serial_park_tiny_2,
          hangedman_feature_mirror, st_stairs_3, minmay_stone_trees_small,
          hex_tiny, minmay_misc_feat_enclosed
D:2:      layout_basic
D:3:      layout_basic, mainiacjoe_overflow_alcove_4, bloody_makhleb,
          lemuel_tele_altar, cheibrodos_gnoll_hut
D:4:      layout_loops_ring, uniq_grinder
D:5:      layout_loops_ring, xom_redecorated, minmay_temple_entry_arrows,
          serial_shops, nicolae_stop_n_shop_1, kennysheep_dice
D:6:      layout_rooms, mainiacjoe_overflow_boulevard, nicolae_ru_awakened_eye,
          enter_ossuary_3, nicolae_concentric_dashed_squares_mild,
          uniq_crazy_yiuf_cottage, uniq_blork_the_orc, uniq_prince_ribbit1
Temple:   cyrus_temple_forest

Skill      XL: |  1  2  3  4  5  6  7  8  9 |
---------------+----------------------------+-----
Stealth        | 7 8 9 10 | 10.0
Spellcasting   | 1 2 3 |  3.1
Long Blades    | 3 4 5 6 |  6.0
Dodging        | 3 5 |  5.3
Fighting       | 4 5 |  5.4
Short Blades   | 1 |  1.8
Throwing       | 1 |  1.7
Shields        | 1 |  1.4

Action                     |  1- 3 |  4- 6 |  7- 9 || total
---------------------------+-------+-------+-------++-------
  Melee: Falchion          |    18 |    79 |    76 ||   173
         Tentacles         |     5 |    23 |    48 ||    76
         Constrict         |     3 |    16 |    24 ||    43
         Dagger            |       |    33 |    13 ||    46
         Rapier            |       |     3 |       ||     3
         Short sword       |       |       |     8 ||     8
         Punch             |       |       |     3 ||     3
         Scimitar          |       |       |    28 ||    28
  Throw: Dart              |       |       |    29 ||    29
  Evoke: Wand              |       |     1 |       ||     1
    Use: Scroll            |     2 |       |     7 ||     9
   Stab: Sleeping          |       |    30 |     5 ||    35
         Distracted        |       |     1 |     2 ||     3
 Armour: Skin              |     1 |     6 |     7 ||    14
  Dodge: Dodged            |    11 |    39 |    75 ||   125
  Block: Kite shield       |       |       |    16 ||    16

Table legend: (Time is in decaauts)
 A = Elapsed time spent in this place.
 B = Non-inter-level travel time spent in this place.
 C = Inter-level travel time spent in this place.
 D = Time resting spent in this place.
 E = Time spent auto-exploring this place.
 F = Levels seen in this place.
 G = Mean time per level.
                   A        B        C        D        E       F      G
               +--------+--------+--------+--------+--------+-----+--------+
         Total |   5703 |   5391 |    312 |    808 |   1494 |   7 |  814.7 |
       Dungeon |   5509 |   5315 |    194 |    775 |   1477 |   6 |  918.2 |
        Temple |    193 |     75 |    118 |     33 |     17 |   1 |  193.0 |
               +--------+--------+--------+--------+--------+-----+--------+

Top non-repeatable levels by time:
     D:5: 1532 daAuts
     D:4: 1432 daAuts
     D:3: 837 daAuts
     D:2: 765 daAuts
     D:1: 598 daAuts
     D:6: 343 daAuts
  Temple: 193 daAuts
